 Dungeon Crawl Stone Soup version 0.31.0-7-gf635a9b802 (webtiles) character file.

Game seed: 5519983264780453420

249 coolio the Chopper (level 5, 0/42 HPs)
             Began as a Demonspawn Fighter on Jan 23, 2024.
             Slain by a gnoll
             ... wielding a +0 halberd
              (10 damage)
             ... on level 3 of the Dungeon.
             The game lasted 00:03:57 (2828 turns).

coolio the Chopper (Demonspawn Fighter)             Turns: 2828, Time: 00:03:58

Health: 0/42       AC: 10    Str: 19    XL:     5   Next: 86%
Magic:  5/5        EV:  8    Int:  8    God:
Gold:   48         SH:  0    Dex: 12    Spells: 4/4 levels left

rFire   . . .        a - +0 war axe
rCold   . . .        (no shield)
rNeg    . . .        i - +0 chain mail
rPois   .            k - +0 helmet
rElec   .            (no cloak)
rCorr   .            (no gloves)
SInv    .            (no boots)
Will    .....        (no amulet) Stlth
                     (no ring)
HPRegen 0.27/turn    (no ring)
MPRegen 0.18/turn

%: no passive effects
@: no status effects
A: magic regeneration
a: no special abilities


You were on level 3 of the Dungeon.
You visited 1 branch of the dungeon, and saw 3 of its levels.

You collected 159 gold pieces.
You spent 111 gold pieces at shops.

Inventory:

Hand Weapons
 a - a +0 war axe (weapon)
Missiles
 q - a throwing net (quivered)
Armour
 i - a +0 chain mail (worn)
 k - a +0 helmet (worn)
Jewellery
 o - a ring of protection from fire
Wands
 f - a wand of iceblast (11)
Scrolls
 e - a scroll of blinking
 j - a scroll of immolation {unknown}
 m - 2 scrolls of teleportation {unknown}
 n - a scroll of identify
Potions
 b - a potion of brilliance
 c - 2 potions of mutation
 d - 2 potions of might
 g - 2 potions of haste
 h - 2 potions of curing
 p - a potion of attraction {unknown}


   Skills:
 + Level 4.1 Fighting
 * Level 4.2 Axes
 + Level 3.8 Armour
 - Level 2.6 Shields


You had 4 spell levels left.
You didn't know any spells.
Your spell library was empty.

Dungeon Overview and Level Annotations

Branches:
Dungeon (3/15)

Altars:
Vehumet

Shops:
D:1 *   D:2 [!*!

Annotations:
D:3 2 runed translucent doors


Innate Abilities, Weirdness & Mutations

You regenerate magic rapidly.


Message History

You are too injured to fight recklessly!
You are too injured to fight recklessly!
You are too injured to fight recklessly!
You are too injured to fight recklessly!
You are too injured to fight recklessly!
You are too injured to fight recklessly!
You are too injured to fight recklessly!
You are too injured to fight recklessly!
You are too injured to fight recklessly!
You are too injured to fight recklessly!
You are too injured to fight recklessly!
You are too injured to fight recklessly!
You are too injured to fight recklessly!
You are too injured to fight recklessly!
You are too injured to fight recklessly!
You are too injured to fight recklessly!
You are too injured to fight recklessly!
You feel much better. The gnoll hits you but does no damage.
You barely miss the gnoll. The gnoll barely misses you. x2
The gnoll hits you with a +0 flail.
You hit the gnoll but do no damage.
The gnoll hits you from afar with a +0 halberd.
The gnoll hits you with a +0 flail.
You barely miss the gnoll. The gnoll closely misses you. x2
The gnoll hits you but does no damage.
You hit the gnoll.
The gnoll is heavily wounded.
The gnoll hits you with a +0 flail!
The gnoll hits you from afar with a +0 halberd.
The gnoll hits you with a +0 flail.
You hit the gnoll.
The gnoll is severely wounded.
The gnoll hits you from afar with a +0 halberd!
The gnoll hits you with a +0 flail.
* * * LOW HITPOINT WARNING * * *
You hit the gnoll.
You kill the gnoll!
The gnoll completely misses you.
The gnoll hits you from afar with a +0 halberd!
You die...

##### .. .. #...... #.#
#.##### ##..... ..
#.....# #...## #.#
#....## #..... .#
#.g...# #....< .
##g##.# #...## .. #g# #
######..... #..## #$#
........### #....#@#
#######.# #....#.# #.#
#......## #.#
#.......#### #.#
#....#....[## #.##
#....#.###..##### #..##
######.####..)..####..#
#.....####.....#.#
#(.##.########....


You could see 3 gnolls.

Vanquished Creatures
  Ijyb (D:3)
  Natasha (thrice) (D:2)
  Robin (D:2)
  2 gnolls
  4 adders
  A dart slug (D:2)
  A ribbon worm (D:3)
  6 endoplasms
  A giant cockroach (D:1)
  17 goblins
  12 hobgoblins
  11 jackals
  4 kobolds
  2 quokkas
  3 ball pythons
  7 bats
  4 frilled lizards
  9 rats
89 creatures vanquished.

Notes
Turn   | Place    | Note
-------+----------+-------------------------------------------
     0 | D:1      | coolio the Demonspawn Fighter began the quest for the Orb.
     0 | D:1      | Reached XP level 1. HP: 18/18 MP: 1/1
   253 | D:1      | Found Raishug's Assorted Antiques.
   262 | D:1      | Bought a smoky dark potion for 21 gold pieces
   333 | D:1      | Gained mutation: You regenerate magic rapidly. [demonic
                  | ancestry]
   333 | D:1      | Reached XP level 2. HP: 16/24 MP: 2/2
   742 | D:1      | Reached XP level 3. HP: 29/29 MP: 3/3
   749 | D:1      | Found a faded altar of an unknown god.
   926 | D:2      | Found a radiant altar of Vehumet.
   991 | D:2      | Noticed Natasha
  1001 | D:2      | Killed Natasha
  1065 | D:2      | Noticed Robin
  1089 | D:2      | Reached XP level 4. HP: 26/35 MP: 4/4
  1109 | D:2      | Killed Robin
  1161 | D:2      | Found Ichives's General Store.
  1164 | D:2      | Bought a scroll of identify for 20 gold pieces
  1212 | D:2      | Noticed Natasha
  1223 | D:2      | Killed Natasha
  1317 | D:2      | Noticed Natasha
  1326 | D:2      | Killed Natasha
  1327 | D:2      | Reached XP level 5. HP: 28/42 MP: 5/5
  1423 | D:2      | Found Wiucagh's Distillery.
  1935 | D:2      | Found Coykeu's Armour Shop.
  1968 | D:2      | Found Zohaitig's Distillery.
  1974 | D:2      | Bought a potion of heal wounds for 70 gold pieces
  2159 | D:3      | Noticed Ijyb
  2190 | D:3      | Killed Ijyb
  2807 | D:3      | Found a runed translucent gate.
  2807 | D:3      | Found a runed translucent gate.
  2828 | D:3      | Slain by a gnoll

Illustrated notes

Levels and vault maps discovered:
D:1:      lightli_arrival_lavapool, layout_loops_ring, serial_shops, shop,
          shapermc_ecumenical_altar_starsandcircs, roderic_filled_cross,
          minmay_quantized
D:2:      layout_loops_corners, serial_shops, shop, nicolae_shop_behind_doors,
          nicolae_shop_industrial_runoff, nicolae_shop_crystal, basic_altar,
          st_stairs_10, minmay_box_of_dots, uniq_robin, uniq_natasha
D:3:      layout_basic, biasface_ghost_orc_armoury, nicolae_goblin_pals

Skill      XL: |  1  2  3  4  5 |
---------------+----------------+-----
Axes           | 2 3 4 |  4.2
Armour         | 3 |  3.8
Fighting       | 4 |  4.1
Shields        | |  2.6

Action                     |  1- 3 |  4- 6 || total
---------------------------+-------+-------++-------
  Melee: War axe           |   113 |   195 ||   308
         Punch             |       |     1 ||     1
    Use: Scroll            |       |     5 ||     5
         Potion            |       |     1 ||     1
 Armour: Chain mail        |   112 |   183 ||   295
         Scale mail        |    11 |       ||    11
  Dodge: Dodged            |    63 |    85 ||   148
